 Dungeon Crawl Stone Soup version 0.29.1-2-gbd0b4ee654 (webtiles) character file.

Game seed: 13652113956168557062

14443 hawla the Thaumaturge (level 12, -4/91 HPs)
             Began as a Meteoran Ice Elementalist on Nov 30, 2022.
             Was a High Priest of Vehumet.
             Slain by a minotaur (14 damage)
             ... in a Gauntlet.
             The game lasted 00:38:26 (5054 turns).

hawla the Thaumaturge (Meteoran Ice Elementalist)   Turns: 5054, Time: 00:38:27

Health: -4/91      AC:  5    Str: 15    XL:     12   Next: 79%
Magic:  11/39      EV: 16    Int: 26    God:    Vehumet [*****.]
Gold:   216        SH:  0    Dex: 19    Spells: 16/38 levels left

rFire   . . .      SeeInvis .   F - staff of earth
rCold   . . .      Faith    .   (no shield)
rNeg    . . .      Spirit   .   a - +0 robe
rPois   .          Reflect  .   (no helmet)
rElec   .          Harm     .   (no cloak)
rCorr   .          Rampage  .   m - +0 pair of gloves
Will    +....      NoTele   +   n - +1 pair of boots of Mysticism {Int+4 Dex+3}
Stlth   +.........              (no amulet)
HPRegen 0.25/turn               f - ring of magical power
MPRegen 0.26/turn               h - +6 ring of strength

@: glowing, studying Armour
A: sense surroundings 2, otherworldly, glowing, explore regen
a: Renounce Religion


You were in a Gauntlet.
You worshipped Vehumet.
Vehumet was extremely pleased with you.
You visited 3 branches of the dungeon, and saw 12 of its levels.
You also visited: Ossuary and Gauntlet.

You collected 477 gold pieces.
You spent 261 gold pieces at shops.

Inventory:

Hand Weapons
 t - a +3 flail of protection
 C - a +0 quarterstaff of draining
 E - a +4 whip of venom
Armour
 a - a +0 robe (worn)
 c - the +2 cloak "Kuinnahu" {rPois rC+ Will+}
   (You found it in a Gauntlet)

   rC:        It protects you from cold.
   rPois:     It protects you from poison.
   Will:      It increases your willpower.
 j - a scarf of repulsion
 m - a +0 pair of gloves (worn)
 n - the +1 pair of boots of Mysticism (worn) {Int+4 Dex+3}
   (You found it in a Gauntlet)

   Int:       It affects your intelligence (+4).
   Dex:       It affects your dexterity (+3).
Magical Staves
 F - a staff of earth (weapon)
Jewellery
 f - a ring of magical power (left hand)
 h - a +6 ring of strength (right hand)
 v - a ring of flight
 w - a +4 ring of slaying
Wands
 u - a wand of polymorph (10)
 A - a wand of charming (6)
 B - a wand of iceblast (18)
 D - a wand of flame (6)
Scrolls
 d - 3 scrolls of fog
 e - 3 scrolls of identify
 p - 2 scrolls of teleportation
 s - a scroll of enchant weapon {unknown}
 x - a scroll of silence {unknown}
 y - a scroll of poison {unknown}
Potions
 b - 3 potions of magic
 g - 4 potions of attraction
 i - a potion of lignification
 k - 5 potions of flight {unknown}
 l - 4 potions of might {unknown}
 o - 6 potions of mutation {unknown}
 q - 3 potions of brilliance {unknown}
 r - a potion of invisibility {unknown}
 z - a potion of berserk rage {unknown}


   Skills:
 + Level 4.0 Fighting
 + Level 5.6(5.8) Maces & Flails
 + Level 1.7(3.6) Staves
 + Level 6.3 Dodging
 - Level 1.4 Stealth
 + Level 13.9 Spellcasting
 + Level 9.5 Conjurations
 + Level 1.4 Translocations
 + Level 11.2 Ice Magic
 + Level 1.8 Air Magic
 + Level 5.3 Earth Magic
 + Level 2.0 Evocations


You had 16 spell levels left.
You knew the following spells:

 Your Spells              Type           Power      Damage    Failure   Level
a - Freeze                Ice            100%       1d11      1%          1
b - Frozen Ramparts       Ice            100%       1d16      1%          3
c - Hailstorm             Conj/Ice       64%        3d14      1%          4
d - Stone Arrow           Conj/Erth      100%       3d13      1%          3
e - Passwall              Tmut/Erth      40%        N/A       1%          2
f - Freezing Cloud        Conj/Ice/Air   27%        6-21      1%          5
g - Iskenderun's Mystic   Conj/Tloc      46%        2d10      1%          4

Your spell library contained the following spells:

 Spells                   Type           Power      Damage    Failure   Level
 Yara's Violent Unravell  Hex/Tmut       9%         3d6       22%         5
 Sandblast                Erth           100%       2d20      1%          1
 Dazzling Flash           Conj/Hex       84%        N/A       1%          3
 Ozocubu's Armour         Ice            67%        N/A       1%          3
 Starburst                Conj/Fire      21%        6d7       17%         6
 Dispersal                Tloc           12%        N/A       95%         6
 Disjunction              Tloc           12%        N/A       100%        8


Dungeon Overview and Level Annotations

Branches:
Dungeon (8/15) Zot: 1582   Temple (1/1) D:4 Zot: 574    Lair (3/5) D:8 Zot: 571
 Shoals (0/4) Lair:3        Snake (0/4) Lair:3      Ossuary (visited)
Gauntlet (1/1) Zot: 342

Altars:
Ashenzari
Fedhas
Hepliaklqana
Okawaru
Vehumet
Xom
Yredelemnul
The Shining One

Shops:
D:3 [   D:6 *

Portals:
Volcano: Lair:2

Annotations:
D:3 Grinder
Lair:3 Nergalle Gauntlet 3 transporters, 2 runed translucent doors


Innate Abilities, Weirdness & Mutations

You passively map the area around you.
You are easily found by Zot.
You glow in the dark.
You regain HP and MP as you explore.


Message History

The minotaur is heavily wounded.
Casting: Iskenderun's Mystic Blast (mildly dangerous; 1% risk of failure)
Confirm with . or Enter, or press ? or * to list all spells.
You erupt in a blast of force!
The mystic blast hits the minotaur!
The minotaur is heavily wounded.
The minotaur is knocked back by the mystic blast.
Casting: Iskenderun's Mystic Blast (mildly dangerous; 1% risk of failure)
Confirm with . or Enter, or press ? or * to list all spells.
Aiming: Stone Arrow (safe; 1% risk of failure)
Press: ? - help, Shift-Dir - straight line, f/p - minotaur
Aim: a minotaur, wearing a +0 plate armour, wearing a ring of positive energy and quivering javelins (heavily wounded, 89% to hit)
You feel a surge of power!
The stone arrow hits the minotaur.
The minotaur is severely wounded.
Unknown command.
Casting: Stone Arrow (safe; 1% risk of failure)
Confirm with . or Enter, or press ? or * to list all spells.
Aiming: Stone Arrow (safe; 1% risk of failure)
Press: ? - help, Shift-Dir - straight line, f/p - minotaur
Aim: a minotaur, wearing a +0 plate armour, wearing a ring of positive energy and quivering javelins (severely wounded, 89% to hit)
You feel a surge of power!
The stone arrow hits the minotaur.
The minotaur is severely wounded.
Unknown command.
Okay, then.
The minotaur throws a javelin.
The javelin barely misses you.
The minotaur throws a javelin.
The javelin pierces through you!!
Okay, then.
You start removing your armour.
You continue taking off the +2 cloak "Kuinnahu" {rPois rC+ Will+}. x4
You finish taking off the +2 cloak "Kuinnahu" {rPois rC+ Will+}.
You start putting on your armour.
You continue putting on your scarf of repulsion.
The minotaur misses you. The minotaur gores you!
Keep equipping yourself?
* * * LOW HITPOINT WARNING * * *
You continue putting on your scarf of repulsion.
The minotaur misses you. The minotaur gores you!
* * * LOW HITPOINT WARNING * * *
You continue putting on your scarf of repulsion.
The minotaur hits you!
You die...

....
#######'#######
#.............#
#.###H###.###.#
#.###.###.###.#
#.............#
###.###.###.###
###.###.###.###
#@H...........#
##...©.©.©...## * *
* ##*##..8.8.8..##*
** ~ ~* ~
≈#§####.......###*
,
....#≈#########§#.
8
......§...........
....8.....8.....8.,
, * *
###...............
, ©
..#...#########...


You could see a minotaur.

Vanquished Creatures
  A hydra (Lair:1)
  2 lindwurms (Lair:1)
  4 cane toads
  5 komodo dragons
  6 meliai (Gauntlet)
  10 blink frogs (Lair:2)
  25 yaks
  4 wyverns
  Menkaure (Ossuary)
  A swamp worm (D:7)
  Edmund (D:6)
  3 water moccasins
  2 hell hounds (Lair:2)
  An orc warrior (D:8)
  A black bear (D:7)
  2 centaurs
  A phantom (D:4)
  2 kobold brigands
  2 necrophages
  A gnoll sergeant (D:8)
  7 bullfrogs
  4 scorpions
  3 killer bees (D:8)
  A howler monkey (D:5)
  A jelly (D:8)
  4 orc priests
  7 hounds
  2 iguanas
  3 orc wizards
  4 mummies
  5 gnolls (D:8)
  4 adders
  A white imp (D:6)
  2 ufetubi (D:5)
  2 dart slugs
  19 orcs
  3 endoplasms
  5 gnoll zombies (Ossuary)
  5 goblins
  3 hobgoblins
  7 jackals (D:2)
  4 quokkas
  5 ball pythons
  A frilled lizard (D:3)
  2 gnoll skeletons (Ossuary)
  4 goblin skeletons (Ossuary)
  6 hobgoblin skeletons (Ossuary)
  2 hobgoblin zombies (Ossuary)
  16 kobolds
  5 kobold skeletons (Ossuary)
  6 kobold zombies (Ossuary)
  5 orc skeletons (Ossuary)
  9 orc zombies (Ossuary)
  A rat (D:2)
  3 rat skeletons (Ossuary)
  3 rat zombies (Ossuary)
239 creatures vanquished.

Vanquished Creatures (others)
  16 fungi
  21 plants
37 creatures vanquished.

Grand Total: 276 creatures vanquished

Notes
Turn   | Place    | Note
-------+----------+-------------------------------------------
     0 | D:1      | hawla the Meteoran Ice Elementalist began the quest for the
                  | Orb.
     0 | D:1      | Reached XP level 1. HP: 14/14 MP: 5/5
   201 | D:2      | Found a faded altar of an unknown god.
   208 | D:2      | Reached XP level 2. HP: 19/20 MP: 6/6
   211 | D:2      | Reached skill level 3 in Spellcasting
   361 | D:2      | Reached XP level 3. HP: 23/26 MP: 8/8
   366 | D:2      | You fall into a shaft and drop 1 floor!
   387 | D:3      | Learned a level 3 spell: Frozen Ramparts
   466 | D:3      | Noticed Grinder
   509 | D:3      | Found a glowing golden altar of the Shining One.
   542 | D:3      | Reached skill level 5 in Ice Magic
   608 | D:3      | Found Pootool's Antique Armour Shop.
   821 | D:4      | Reached XP level 4. HP: 31/33 MP: 10/10
   825 | D:4      | Reached skill level 4 in Spellcasting
   830 | D:4      | Reached XP level 5. HP: 22/38 MP: 9/12
   887 | D:4      | Learned a level 4 spell: Hailstorm
   931 | D:4      | Found a staircase to the Ecumenical Temple.
   940 | Temple   | Entered the Ecumenical Temple
   953 | Temple   | Became a worshipper of Vehumet
  1057 | D:4      | Reached skill level 1 in Conjurations
  1057 | D:4      | Reached XP level 6. HP: 45/45 MP: 14/14
  1115 | D:4      | Reached XP level 7. HP: 48/50 MP: 15/15
  1169 | D:4      | Reached skill level 5 in Spellcasting
  1396 | D:5      | Entered Level 5 of the Dungeon
  1416 | D:5      | Reached * piety under Vehumet
  1416 | D:5      | Offered knowledge of Magic Dart by Vehumet.
  1520 | D:5      | Reached skill level 1 in Fighting
  1563 | D:5      | Reached XP level 8. HP: 56/59 MP: 17/17
  1718 | D:5      | Noticed a wyvern
  1723 | D:5      | Killed a wyvern
  1724 | D:5      | Reached skill level 6 in Spellcasting
  1728 | D:5      | Learned a level 3 spell: Stone Arrow
  1759 | D:6      | Identified the +0 scale mail of the Slorg {Dex+5}
  1845 | D:6      | Found Toihic's Assorted Antiques.
  1908 | D:6      | Noticed Edmund
  1915 | D:6      | Killed Edmund
  1918 | D:6      | Reached skill level 7 in Spellcasting
  1944 | D:6      | Found a hazy altar of Hepliaklqana.
  2421 | D:6      | Gained mutation: You passively map the area around you.
                  | [Meteoran growth]
  2421 | D:6      | Reached XP level 9. HP: 31/67 MP: 21/21
  2569 | D:7      | Offered knowledge of Searing Ray by Vehumet.
  2601 | D:7      | Reached ** piety under Vehumet
  2602 | D:7      | Reached skill level 1 in Maces & Flails
  2622 | D:7      | Reached skill level 8 in Spellcasting
  2740 | D:8      | Reached skill level 5 in Conjurations
  2744 | D:8      | Found a sand-covered staircase.
  2753 | D:8      | Learned a level 2 spell: Passwall
  2754 | Ossuary  | Entered an ossuary
  2900 | Ossuary  | Offered knowledge of Mephitic Cloud by Vehumet.
  2917 | Ossuary  | Reached *** piety under Vehumet
  3043 | Ossuary  | Offered knowledge of Ignite Poison by Vehumet.
  3056 | Ossuary  | Noticed Menkaure
  3070 | Ossuary  | Killed Menkaure
  3158 | D:8      | Reached **** piety under Vehumet
  3181 | D:8      | Offered knowledge of Freezing Cloud by Vehumet.
  3188 | D:8      | Learned a level 5 spell: Freezing Cloud
  3267 | D:6      | Bought a notched ivory ring for 145 gold pieces
  3267 | D:6      | Bought a short brass wand for 116 gold pieces
  3311 | D:7      | Reached skill level 9 in Spellcasting
  3311 | D:7      | Reached XP level 10. HP: 52/75 MP: 24/24
  3412 | D:8      | Reached skill level 5 in Maces & Flails
  3448 | D:8      | Reached skill level 1 in Earth Magic
  3449 | D:8      | Reached skill level 5 in Dodging
  3452 | D:8      | Reached skill level 10 in Spellcasting
  3590 | D:8      | Found a staircase to the Lair.
  3597 | Lair:1   | Entered Level 1 of the Lair of Beasts
  3727 | Lair:1   | Noticed a komodo dragon
  3757 | Lair:1   | Reached skill level 10 in Ice Magic
  3758 | Lair:1   | Reached XP level 11. HP: 64/82 MP: 21/26
  3781 | Lair:1   | Noticed a lindwurm
  3785 | Lair:1   | Noticed a lindwurm
  3786 | Lair:1   | Killed a lindwurm
  3787 | Lair:1   | Reached skill level 11 in Spellcasting
  3791 | Lair:1   | HP: 6/123 [lindwurm (6)]
  3794 | Lair:1   | Killed a lindwurm
  3989 | Lair:1   | Noticed a five-headed hydra
  3993 | Lair:1   | Killed a five-headed hydra
  4024 | Lair:1   | Learned a level 4 spell: Iskenderun's Mystic Blast
  4092 | Lair:1   | Glimpsed the power of Zot.
  4094 | Lair:1   | Reached skill level 12 in Spellcasting
  4140 | Lair:1   | Glimpsed the power of Zot.
  4178 | Lair:2   | Reached skill level 1 in Staves
  4187 | Lair:2   | Reached skill level 1 in Air Magic
  4231 | Lair:2   | Reached skill level 1 in Evocations
  4234 | Lair:2   | Reached skill level 5 in Earth Magic
  4234 | Lair:2   | Reached XP level 12. HP: 75/91 MP: 29/29
  4412 | Lair:2   | Reached ***** piety under Vehumet
  4488 | Lair:2   | Reached skill level 13 in Spellcasting
  4489 | Lair:2   | Offered knowledge of Yara's Violent Unravelling by Vehumet.
  4538 | Lair:2   | Found a dark tunnel.
  4584 | Lair:2   | Reached skill level 1 in Translocations
  4668 | Lair:2   | Glimpsed the power of Zot.
  4712 | Lair:3   | Noticed Nergalle
  4788 | Lair:3   | Found a gate leading to a gauntlet.
  4797 | Gauntlet | Entered a Gauntlet
  4797 | Gauntlet | Found a transporter.
  4806 | Gauntlet | Found a runed translucent gate.
  4807 | Gauntlet | Found a transporter.
  4808 | Gauntlet | Found a runed translucent gate.
  4809 | Gauntlet | Found a transporter.
  4813 | Gauntlet | Found a transporter.
  4814 | Gauntlet | Found a transporter.
  4816 | Gauntlet | Found a transporter.
  4848 | Gauntlet | Identified the +2 cloak "Kuinnahu" {rPois rC+ Will+}
  4854 | Gauntlet | Identified the +1 pair of boots of Mysticism {Int+4 Dex+3}
  4864 | Gauntlet | Found a transporter.
  4867 | Gauntlet | Noticed a hell hog
  5027 | Gauntlet | Noticed a minotaur
  5054 | Gauntlet | Slain by a minotaur

Illustrated notes

Levels and vault maps discovered:
D:1:      ldierk_walled_garden, layout_rooms, minmay_stone_trees_large,
          minmay_tromino_i4
D:2:      layout_basic, chequers_ecumenical_altar_simple
D:3:      layout_loops_ring, lemuel_crystal_altar, serial_shops, shop,
          uniq_jessica, uniq_grinder
D:4:      layout_rooms, lemuel_temple_firewalk_b
D:5:      layout_loops_ring, minitemple, nicolae_eternal_life
D:6:      layout_cave_pods, old_standard_altar, serial_shops,
          nicolae_shop_waterfront, uniq_edmund
D:7:      layout_rooms, grunt_temple_overflow_gold_and_silver,
          kennysheep_mini_moat, minmay_misc_feat_room, worms_lemuel
D:8:      layout_loops_ring, grunt_qazlal_sundering,
          grunt_lair_entry_orc_guard_hut, serial_shops, nicolae_take_the_stairs,
          nicolae_ossuary_entry_giza, minmay_manual_moon
Temple:   chequers_temple_sunken
Lair:1:   layout_hall_layers, chequers_serial_rivers_small_3,
          nicolae_lair_lindhole, infiniplex_staircase_pool_2
Lair:2:   layout_regular_city, enter_volcano_3, wad_woods_river_02,
          serial_bayou_shore_b, grunt_megastairs_5
Lair:3:   layout_cave_pods, minmay_shoals_entry_lonely_mermaid,
          dummy_snake_entry, gauntlet_entry_generic, uniq_nergalle
Gauntlet: minmay_gauntlet_mixed_oops_all_seconds
          [minmay_gauntlet_arena_77_cramped, gammafunk_gauntlet_arena_split_x,
          minmay_gauntlet_arena_77_run_for_it, nicolae_gauntlet_arena_quarters,
          minmay_gauntlet_arena_77_fan, gammafunk_gauntlet_arena_chambers,
          gauntlet_exit_watery]

Skill      XL: |  1  2  3  4  5  6  7  8  9 10 11 12 |
---------------+-------------------------------------+-----
Spellcasting   | 3 4 5 7 9 10 12 13 | 13.9
Ice Magic      | 5 6 7 8 10 11 | 11.2
Conjurations   | 1 4 5 6 8 9 |  9.5
Dodging        | 3 4 5 6 |  6.3
Fighting       | 1 2 3 4 |  4.0
Maces & Flails | 4 5 |  5.6
Earth Magic    | 3 5 |  5.3
Staves         | 1 |  1.7
Air Magic      | 1 |  1.8
Evocations     | 2 |  2.0
Translocations | 1 |  1.4
Stealth        | |  1.4

Action                   |  1- 3 |  4- 6 |  7- 9 | 10-12 || total
-------------------------+-------+-------+-------+-------++-------
Melee: Unarmed           |     3 |       |    11 |       ||    14
       Mace              |       |       |    34 |       ||    34
       Flail             |       |       |    76 |     9 ||    85
       Quarterstaff      |       |       |       |    12 ||    12
       Staff             |       |       |       |    23 ||    23
 Cast: Freeze            |    35 |    14 |    39 |     7 ||    95
       Frozen Ramparts   |     8 |     5 |    30 |    11 ||    54
       Hailstorm         |       |       |    28 |    26 ||    54
       Stone Arrow       |       |       |    23 |    37 ||    60
       Freezing Cloud    |       |       |       |    13 ||    13
       Iskenderun's Myst |       |       |       |    24 ||    24
  Use: Scroll            |     9 |       |     6 |     4 ||    19
       Potion            |     1 |       |     7 |     8 ||    16
Armor: Robe              |     4 |     4 |    48 |    10 ||    66
       Skin              |       |       |       |     7 ||     7
Dodge: Dodged            |    10 |    10 |   116 |    47 ||   183
